[Event "LEM Niedersachsen-Meister 2025"]
[Site "Verden"]
[Date "2025.01.02"]
[Round "1.13"]
[White "Riemay, David"]
[Black "Schiller, Jan-Hendrik"]
[Result "1-0"]
[ECO "C02"]
[WhiteElo "2243"]
[BlackElo "1952"]
[Annotator "TA"]
[PlyCount "41"]
[EventDate "2024.12.27"]
[EventType "swiss"]
[EventCountry "GER"]
[SourceTitle "playchess.com"]
[Source "ChessBase"]
[SourceQuality "1"]
[TimeControl "40/5400+30:1800+30"]

1. e4 e6 2. d4 d5 3. e5 c5 4. c3 Nc6 5. Nf3 Bd7 6. Be2 f6 7. O-O Nh6 (7... fxe5 $11 {keeps the balance.} 8. Nxe5 (8. dxe5 Nh6 $11) 8... cxd4 9. cxd4 Nf6) 8. Bxh6 gxh6 9. c4 cxd4 (9... dxc4 $16 10. d5 (10. Bxc4 cxd4 11. Nxd4 Nxd4 $14) 10... exd5) 10. cxd5 $18 (10. Nxd4 fxe5 11. Bh5+ Ke7 $14) 10... Nxe5 (10... exd5 $142 11. Nxd4 Qb6 (11... fxe5 12. Bh5+ Ke7 13. Re1 $16)) 11. Nxe5 ({Don't take} 11. Nxd4 exd5 12. Bh5+ Ng6 $18) (11. Qxd4 $6 Qb6 12. Qxb6 axb6 $16) 11... fxe5 {[%emt 0:00:22] [#]} 12. Bh5+ $1 Ke7 13. f4 $40 {[%emt 0:05:33][%mdl 128] White attacks with force.} Bb5 (13... Qa5 $16) 14. Re1 Qxd5 15. Rxe5 Qd7 16. Na3 (16. f5 $142 d3 17. Qg4 (17. fxe6 $2 {loses.} Qd4+ 18. Kh1 Qxe5 $19) (17. Rxe6+ Kd8 $16)) 16... Bc6 {[%emt 0:03:43] [#] And now ...Bg7 would win.} 17. f5 (17. Bg4 $1 $18 Rg8 18. Bxe6 (18. Rxe6+ Qxe6 19. Bxe6 Rxg2+ 20. Kf1 Rxh2 $18) 18... Rxg2+ 19. Kf1 Qxe6 20. Rxe6+ Kxe6 21. Qxd4) 17... Bg7 $2 (17... Rg8 $16) 18. Rxe6+ Kd8 (18... Kf8 $142 19. Qd3 Bd5) 19. Nc4 Kc7 20. Qe1 Bf8 21. Qg3+ 1-0

[Event "LEM Niedersachsen-Meister 2025"]
[Site "Verden"]
[Date "2025.01.02"]
[Round "1.14"]
[White "de Vries, Carsten"]
[Black "Nechitaylo, Nikita"]
[Result "0-1"]
[ECO "B30"]
[WhiteElo "1898"]
[BlackElo "2239"]
[Annotator "TA"]
[PlyCount "110"]
[EventDate "2024.12.27"]
[EventType "swiss"]
[EventCountry "GER"]
[SourceTitle "playchess.com"]
[Source "ChessBase"]
[SourceQuality "1"]
[TimeControl "40/5400+30:1800+30"]

1. e4 c5 2. Nf3 Nc6 3. Bb5 e5 4. O-O Bd6 5. c3 a6 6. Bxc6 dxc6 7. h3 Ne7 8. d3 O-O 9. Nbd2 Ng6 10. Nc4 Bc7 11. a4 b5 12. Na3 (12. Ne3 $11) 12... h6 13. Be3 Qe7 14. Qe2 Be6 (14... bxa4 $6 15. Nc4 $11) 15. Nc2 Rfd8 (15... f5 $17 16. exf5 Bxf5 (16... Rxf5 17. Nd2 $15)) 16. Nh2 (16. axb5 $15 cxb5 17. Rfd1) 16... Kh7 17. Rfd1 f5 18. f3 (18. exf5 $11 {remains equal.} Bxf5 19. Ne1) 18... fxe4 19. dxe4 ({White should try} 19. fxe4 $15 Bb3 20. Rf1) 19... Bc4 (19... Nf4 $17 20. Bxf4 Rxd1+ (20... exf4 21. Rxd8 Rxd8 22. Ne1 $19) 21. Rxd1 Bc4 (21... exf4 22. axb5 axb5 23. Ne1 $17)) 20. Qf2 $15 Rxd1+ 21. Rxd1 Rd8 22. Rd2 (22. Rxd8 $11 Qxd8 23. Nf1) 22... Bb3 (22... Nf4 $17 {...Nd3 would now be deadly.} 23. Ne1 bxa4 (23... Rxd2 24. Qxd2 bxa4 25. Kh1 $17)) 23. Rxd8 $11 Qxd8 24. axb5 cxb5 25. Nf1 (25. Bxc5 $14 Nf4 26. Ne1) 25... Qd1 26. Ne1 c4 27. Qd2 Nf4 $36 {[%emt 0:00:33][%mdl 2048] Black is pushing.} (27... Qxd2 {simplifies} 28. Nxd2 Ba4 29. Ba7 Nf8) 28. Kh2 (28. Qxd1 $11 {might be stronger.} Bxd1 29. Bc5) 28... a5 $15 {[%emt 0:00:17] Black is much more active.} 29. g3 Qe2+ (29... Qxd2+ $15 30. Nxd2 Ne6) 30. Qxe2 $11 Nxe2 31. Kg2 (31. Bc5 $1 $11) 31... b4 $15 32. Bd2 $2 (32. cxb4 $15 axb4 33. Bc5) 32... bxc3 $19 33. bxc3 Bb6 34. Ne3 Bxe3 35. Bxe3 {[%emt 0:00:19][%mdl 4096] Endgame KBN-KBN} a4 $1 ({Weaker is} 35... Nxc3 36. Bd2 Nb5 37. Bxa5 $11) 36. Bc5 Nxc3 37. Ba3 Nb1 38. Bb2 a3 39. Ba1 Bd1 ({Much less strong is} 39... c3 40. Kf2 $19) 40. Kf2 Nd2 41. Bxe5 a2 42. Ke3 Nb3 43. f4 a1=Q 44. Bxa1 Nxa1 45. Kd4 $2 (45. Kd2 Ba4 46. Kc3) 45... Nc2+ 46. Nxc2 Bxc2 {[%emt 0:00:04] KB-KP} 47. g4 Kg6 48. h4 Kf7 49. e5 Bd1 50. g5 Ke6 51. gxh6 gxh6 52. Kxc4 Kf5 53. Kd4 Kxf4 54. e6 Kg4 55. e7 Ba4 $1 (55... Kxh4 56. e8=Q (56. e8=R h5 $11) 56... Kg5 57. Qb5+ Kg4 58. Qd7+ (58. Qd3 Ba4 $18) 58... Kf4 59. Qf7+ Kg4 60. Ke5 (60. Qg6+ Kf4 61. Qxh6+ Kf5 62. Qc6 Bh5 63. Qe4+ Kf6 64. Qh4+ Kg6)) 0-1

[Event "LEM Niedersachsen-Meister 2025"]
[Site "Verden"]
[Date "2025.01.02"]
[Round "1.15"]
[White "Bargsten, Justus"]
[Black "ter Stal, Lars"]
[Result "0-1"]
[ECO "C50"]
[WhiteElo "2228"]
[BlackElo "1815"]
[Annotator "TA"]
[PlyCount "70"]
[EventDate "2024.12.27"]
[EventType "swiss"]
[EventCountry "GER"]
[SourceTitle "playchess.com"]
[Source "ChessBase"]
[SourceQuality "1"]
[TimeControl "40/5400+30:1800+30"]

1. e4 e5 2. Nf3 Nc6 3. Bc4 Bc5 4. d3 Nf6 5. Bg5 h6 6. Bh4 d6 7. Nbd2 Na5 8. Bb5+ c6 9. Ba4 (9. d4 $5) 9... b5 10. Bb3 $1 Nxb3 11. axb3 Qe7 12. c3 Bb6 13. Qe2 Bg4 14. h3 Bh5 15. g4 Bg6 16. Nf1 h5 17. Rg1 (17. Ng3 $11) 17... Qe6 $15 18. Ne3 Bxe3 (18... Qxb3 $6 19. Bxf6 gxf6 20. Nd5 cxd5 21. Ra3 $11) 19. Qxe3 hxg4 20. Bxf6 (20. Rxa7 $15 O-O (20... Rxa7 21. Qxa7 O-O 22. hxg4 $15) 21. hxg4) 20... gxf6 (20... Rxh3 $17 21. Bxg7 Rxf3) 21. hxg4 $11 Qxb3 22. Ke2 (22. Rxa7 $15 O-O 23. Kf1 Rxa7 (23... Qxb2 24. Rd7 $15) 24. Qxa7) 22... Qxb2+ $17 23. Nd2 c5 24. Qf3 c4 ({Black should play} 24... Ke7 $17 25. Rab1 Qxc3 26. Rxb5 Rhb8) 25. dxc4 $11 bxc4 (25... Ke7 $6 26. Rgb1 Qc2 27. Rxb5 $16) 26. Qxf6 (26. Ra6 $11) 26... Rh3 $1 $17 27. Qxd6 (27. Rh1 $142 Rd3 (27... Rxc3 28. Rh8+ Kd7 29. Rxa8 $18) (27... Qxc3 28. Rxh3 Qxh3 29. Nxc4 $11) 28. Qh8+ (28. Rh8+ Kd7 $11) 28... Ke7 29. Qxa8 Rxd2+ (29... Qxd2+ $2 30. Kf1 $18) 30. Kf3 Rxf2+ (30... Qxc3+ 31. Kg2 $11) 31. Kg3 Rg2+ (31... Qxc3+ 32. Kxf2 Qd4+ 33. Kg3 $11) 32. Kh3) 27... Rd8 $1 $36 {[%emt 0:00:35][%mdl 2048] Black has strong initiative.} 28. Qxe5+ Kf8 {[%emt 0:00:07] Chess con chili. Black has more active pieces.} 29. Rgd1 {[%emt 0:00:00][%cal Oe5f6] [#]} Bxe4 ({Wrong is} 29... Rxd2+ $2 30. Rxd2 $18) (29... Re8 $1 $19 30. Qd6+ (30. Rab1 Qxd2+) 30... Kg8) 30. Qc5+ $2 {[%emt 0:00:00][%mdl 8192] [#] White is weak on the light squares} (30. Qxe4 $17 Re8 (30... Qxc3 31. Rac1 $18) 31. Qxe8+ Kxe8 32. Rdb1) 30... Kg8 $1 31. Qg5+ Kh7 {[%emt 0:00:06] ( -> ...Bd3+)} 32. f3 {[%emt 0:00:00] [#]} Qxc3 33. Kf2 {[%emt 0:00:00] [#]} (33. Qxd8 Bxf3+ 34. Kf2 Rh2+ (34... Bxd1 $2 35. Ra3 $19) 35. Kg3 Qe5+ (35... Bxd1+ 36. Kxh2 Qe5+ 37. Kg2 $11) 36. Kxf3 Rh3+ 37. Kg2 Qg3+ 38. Kf1 Rh1+ (38... Qf4+ 39. Kg1 Rg3+ 40. Kh2 Qf2+ 41. Kh1 Rh3#) 39. Ke2 Rh2+ 40. Kf1 Qf2#) (33. Qf4 $19 Qd3+ (33... Rxd2+ $2 34. Rxd2 Bd3+ 35. Kf2 $19) 34. Ke1) 33... Rxd2+ $1 34. Rxd2 (34. Kg1 Qd4+) 34... Qxf3+ 35. Kg1 Rh1# 0-1